EL
PORTLAND SEA DOGS @ NEW HAMPSHIRE FISHER CATS
08/13/2098
 
TOP OF THE 1ST
Portland Sea Dogs batting - Pitching for New Hampshire Fisher Cats : RHP Josue Toala
Pitching: RHP Josue Toala
Batting: RHB Steve Abrahamson 0-0: Swinging Strike
0-1: Swinging Strike
0-2: Strikes out looking
Batting: RHB Josh Storlie 0-0: Ball
1-0: Foul Ball, location: 2F
1-1: Called Strike
1-2: Ball
2-2: Fly out, F9 (Flyball, 9LSF, EV 85.0 MPH)
Batting: LHB James Borst 0-0: Ball
1-0: Fly out, F7 (Flyball, 78M, EV 88.8 MPH)
Top of the 1st over - 0 runs, 0 hits, 0 errors, 0 left on base; Portland 0 - New Hampshire 0
BOTTOM OF THE 1ST
New Hampshire Fisher Cats batting - Pitching for Portland Sea Dogs : RHP Adam Spiller
Pitching: RHP Adam Spiller
Batting: RHB Walt Baranyi 0-0: Ball
1-0: Called Strike
1-1: Swinging Strike
1-2: Foul Ball, location: 2F
1-2: Ball
2-2: SINGLE (Line Drive, 9S, EV 100.0 MPH)
Batting: RHB Justin Marquez 0-0: Called Strike
0-1: Ball
1-1: Called Strike
Walt Baranyi steals 2nd base
1-2: Strikes out looking
Batting: LHB Kevin Winter 0-0: Called Strike
0-1: Foul Ball, location: 2F
0-2: Ball
1-2: Ball
2-2: Strikes out looking
Batting: RHB Josh Sherman 0-0: Ball
1-0: SINGLE (Groundball, 56D, EV 110.6 MPH) (infield hit)
Walt Baranyi to third
Batting: RHB Julio Correa 0-0: Called Strike
0-1: Swinging Strike
0-2: Fielders Choice at 2nd, 5-4 (Groundball, 56, EV 101.9 MPH)
Bottom of the 1st over - 0 runs, 2 hits, 0 errors, 2 left on base; Portland 0 - New Hampshire 0
TOP OF THE 2ND
Portland Sea Dogs batting - Pitching for New Hampshire Fisher Cats : RHP Josue Toala
Batting: LHB Chris Baker 0-0: Ball
1-0: Called Strike
1-1: Foul Ball, location: 9LMFF
1-2: Ball
2-2: SINGLE (Line Drive, 8RS, EV 88.1 MPH)
Batting: RHB Bobby Villalobos 0-0: Foul Ball, location: 2F
0-1: Called Strike
0-2: Fly out, F9 (Flyball, 9LS, EV 86.9 MPH)
Batting: LHB Jason McIntosh 0-0: Foul Ball, location: 9LSF
0-1: Ball
1-1: Foul Ball, location: 23F
1-2: Ball
2-2: Strikes out looking
Batting: RHB Matt Frank 0-0: Called Strike
0-1: Called Strike
0-2: Strikes out swinging
Top of the 2nd over - 0 runs, 1 hit, 0 errors, 1 left on base; Portland 0 - New Hampshire 0
BOTTOM OF THE 2ND
New Hampshire Fisher Cats batting - Pitching for Portland Sea Dogs : RHP Adam Spiller
Batting: LHB Dan Richins 0-0: Foul Ball, location: 5FF
0-1: Ball
1-1: Swinging Strike
1-2: Ball
2-2: Fly out, F7 (Flyball, 7D, EV 110.0 MPH)
Batting: LHB Josh Rose 0-0: Ground out U3 (Groundball, 3L, EV 87.5 MPH)
Batting: LHB Bill Goss 0-0: Ball
1-0: SINGLE (Line Drive, 78M, EV 93.8 MPH)
Batting: RHB Jose Grijalva 0-0: SINGLE (Groundball, 34D, EV 97.5 MPH)
Bill Goss to second
Runner from 2nd tries for 3rd, SAFE, throw by RF made to third
Batting: RHB Walt Baranyi 0-0: Swinging Strike
0-1: SINGLE (Line Drive, 9LS, EV 105.0 MPH)
Bill Goss scores
Jose Grijalva to second
Batting: RHB Justin Marquez 0-0: Ball
1-0: Fly out, F8 (Flyball, 8LD, EV 90.6 MPH)
Bottom of the 2nd over - 1 run, 3 hits, 0 errors, 2 left on base; Portland 0 - New Hampshire 1
TOP OF THE 3RD
Portland Sea Dogs batting - Pitching for New Hampshire Fisher Cats : RHP Josue Toala
Batting: SHB Andy Herman 0-0: Ground out U3 (Groundball, 3, EV 84.4 MPH)
Batting: RHB John Ristau Jr. 0-0: Called Strike
0-1: Fly out, F3 (Popup, 3F, EV 63.8 MPH)
Batting: RHB Steve Abrahamson 0-0: Ball
1-0: Ground out 5-3 (Groundball, 56, EV 108.1 MPH)
Top of the 3rd over - 0 runs, 0 hits, 0 errors, 0 left on base; Portland 0 - New Hampshire 1
BOTTOM OF THE 3RD
New Hampshire Fisher Cats batting - Pitching for Portland Sea Dogs : RHP Adam Spiller
Batting: LHB Kevin Winter 0-0: Ground out 4-3 (Groundball, 4, EV 92.5 MPH)
Batting: RHB Josh Sherman 0-0: Ball
1-0: Swinging Strike
1-1: Ball
2-1: Ball
3-1: Called Strike
3-2: Strikes out swinging
Batting: RHB Julio Correa 0-0: Swinging Strike
0-1: Ball
1-1: Ball
2-1: Ball
3-1: Base on Balls
Batting: LHB Dan Richins 0-0: Called Strike
0-1: Swinging Strike
0-2: Ball
1-2: Ball
2-2: Strikes out swinging
Bottom of the 3rd over - 0 runs, 0 hits, 0 errors, 1 left on base; Portland 0 - New Hampshire 1
TOP OF THE 4TH
Portland Sea Dogs batting - Pitching for New Hampshire Fisher Cats : RHP Josue Toala
Batting: RHB Josh Storlie 0-0: Foul Ball, location: 5FF
0-1: Foul Ball, location: 5F
0-2: Strikes out looking
Batting: LHB James Borst 0-0: Called Strike
0-1: Ground out 4-3 (Groundball, 4, EV 101.3 MPH)
Batting: LHB Chris Baker 0-0: Called Strike
0-1: Called Strike
0-2: Strikes out swinging
Top of the 4th over - 0 runs, 0 hits, 0 errors, 0 left on base; Portland 0 - New Hampshire 1
BOTTOM OF THE 4TH
New Hampshire Fisher Cats batting - Pitching for Portland Sea Dogs : RHP Adam Spiller
Batting: LHB Josh Rose 0-0: Ball
1-0: Called Strike
1-1: Ground out 5-3 (Groundball, 6S, EV 65.6 MPH)
Batting: LHB Bill Goss 0-0: Ball
1-0: Called Strike
1-1: Foul Ball, location: 5FF
1-2: Strikes out looking
Batting: RHB Jose Grijalva 0-0: Called Strike
0-1: Called Strike
0-2: SINGLE (Groundball, 56, EV 100.6 MPH)
Batting: RHB Walt Baranyi 0-0: Ball
1-0: Foul Ball, location: 2F
1-1: Ball
2-1: Foul Ball, location: 5F
2-2: SINGLE (Groundball, 6MD, EV 97.5 MPH)
Jose Grijalva to second
Runner from 2nd tries for 3rd, SAFE, no throw by CF
Batting: RHB Justin Marquez 0-0: Fly out, F9 (Flyball, 89S, EV 80.0 MPH)
Bottom of the 4th over - 0 runs, 2 hits, 0 errors, 2 left on base; Portland 0 - New Hampshire 1
TOP OF THE 5TH
Portland Sea Dogs batting - Pitching for New Hampshire Fisher Cats : RHP Josue Toala
Batting: RHB Bobby Villalobos 0-0: Ball
1-0: Ground out 4-3 (Groundball, 34, EV 107.5 MPH)
Batting: LHB Jason McIntosh 0-0: Foul Ball, location: 7LSF
0-1: Ball
1-1: Ball
2-1: Swinging Strike
2-2: Foul Ball, location: 2F
2-2: Strikes out looking
Batting: RHB Matt Frank 0-0: Fly out, F8 (Flyball, 8RM, EV 92.5 MPH)
Top of the 5th over - 0 runs, 0 hits, 0 errors, 0 left on base; Portland 0 - New Hampshire 1
BOTTOM OF THE 5TH
New Hampshire Fisher Cats batting - Pitching for Portland Sea Dogs : RHP Adam Spiller
Batting: LHB Kevin Winter 0-0: Fly out, F9 (Flyball, 9, EV 90.6 MPH)
Batting: RHB Josh Sherman 0-0: Called Strike
0-1: Called Strike
0-2: Ball
1-2: Foul Ball, location: 7LSFF
1-2: Fly out, F4 (Popup, 23, EV 78.1 MPH)
Batting: RHB Julio Correa 0-0: SINGLE (Line Drive, 4D, EV 97.5 MPH)
Batting: LHB Dan Richins 0-0: Called Strike
0-1: Ball
1-1: Ball
2-1: Ball
3-1: Base on Balls
Julio Correa to second
Batting: LHB Josh Rose 0-0: Ball
1-0: Swinging Strike
1-1: Ball
2-1: DOUBLE (Groundball, 5L, EV 105.6 MPH)
Julio Correa scores
Dan Richins to third
Runner from 3rd tries for Home, SAFE, no throw by LF
Batting: LHB Bill Goss 0-0: Called Strike
0-1: Swinging Strike
0-2: Strikes out swinging
Bottom of the 5th over - 2 runs, 2 hits, 0 errors, 1 left on base; Portland 0 - New Hampshire 3
TOP OF THE 6TH
Portland Sea Dogs batting - Pitching for New Hampshire Fisher Cats : RHP Josue Toala
Batting: SHB Andy Herman 0-0: Ground out 4-3 (Groundball, 34D, EV 97.5 MPH)
Batting: RHB John Ristau Jr. 0-0: Ball
1-0: Ball
2-0: Foul Ball, location: 5FF
2-1: Swinging Strike
2-2: Strikes out swinging, 2-3 out at first.
Batting: RHB Steve Abrahamson 0-0: Foul Ball, location: 9LDF
0-1: Ball
1-1: Called Strike
1-2: Strikes out swinging
Top of the 6th over - 0 runs, 0 hits, 0 errors, 0 left on base; Portland 0 - New Hampshire 3
BOTTOM OF THE 6TH
New Hampshire Fisher Cats batting - Pitching for Portland Sea Dogs : RHP Adam Spiller
Batting: RHB Jose Grijalva 0-0: Called Strike
0-1: Foul Ball, location: 23FF
0-2: Ball
1-2: Ball
2-2: Foul Ball, location: 2F
2-2: Strikes out looking
Batting: RHB Walt Baranyi 0-0: Ball
1-0: Called Strike
1-1: Foul Ball, location: 2F
1-2: Strikes out swinging
Batting: RHB Justin Marquez 0-0: Called Strike
0-1: Swinging Strike
0-2: Ball
1-2: Foul Ball, location: 5FF
1-2: Ball
2-2: Ball
3-2: Foul Ball, location: 2F
3-2: Foul Ball, location: 2F
3-2: Base on Balls
Pitching: RHP Zion McKenzie
Batting: LHB Kevin Winter 0-0: Called Strike
0-1: Ball
1-1: Ball
2-1: Foul Ball, location: 3FF
2-2: SINGLE (Line Drive, 34, EV 96.9 MPH)
Justin Marquez to second
Runner from 2nd tries for 3rd, SAFE, throw by RF made to third
Batting: RHB Josh Sherman 0-0: Ball
1-0: Called Strike
1-1: Ball
2-1: SINGLE (Line Drive, 78S, EV 90.6 MPH)
Justin Marquez scores
Kevin Winter to second
Batting: RHB Julio Correa 0-0: Called Strike
0-1: Foul Ball, location: 2F
0-2: Ball
1-2: Foul Ball, location: 9LSF
1-2: Ball
2-2: Ball
3-2: SINGLE (Line Drive, 7S, EV 105.6 MPH)
Kevin Winter to third
Josh Sherman to second
Kevin Winter scores
Josh Sherman to third
Batting: LHB Dan Richins 0-0: Ball
1-0: Ball
2-0: Foul Ball, location: 2F
2-1: SINGLE (Groundball, 15S, EV 74.4 MPH) (infield hit)
Josh Sherman scores
Julio Correa to second
Batting: LHB Josh Rose 0-0: Called Strike
0-1: Ball
1-1: Called Strike
1-2: SINGLE (Line Drive, 7LS, EV 106.9 MPH)
Julio Correa to third
Dan Richins to second
Batting: LHB Bill Goss 0-0: Called Strike
0-1: SINGLE (Groundball, 4MD, EV 103.1 MPH)
Julio Correa scores
Dan Richins to third
Josh Rose to second
Runner from 3rd tries for Home, SAFE, throw by CF to home
Josh Rose to third
Bill Goss to second
Pitching: LHP Joe Redman
Batting: RHB Jose Grijalva 0-0: Swinging Strike
0-1: Ball
1-1: Swinging Strike
1-2: Fly out, F9 (Flyball, 9, EV 95.0 MPH)
Bottom of the 6th over - 5 runs, 6 hits, 0 errors, 2 left on base; Portland 0 - New Hampshire 8
TOP OF THE 7TH
Portland Sea Dogs batting - Pitching for New Hampshire Fisher Cats : RHP Josue Toala
Batting: RHB Josh Storlie 0-0: Ball
1-0: Ball
2-0: Called Strike
2-1: Fly out, F7 (Flyball, 78S, EV 96.3 MPH)
Batting: LHB James Borst 0-0: Called Strike
0-1: Called Strike
0-2: Foul Ball, location: 3F
0-2: Ball
1-2: Ball
2-2: Ground out 6-3 (Groundball, 6M, EV 93.1 MPH)
Batting: LHB Chris Baker 0-0: Called Strike
0-1: Foul Ball, location: 2F
0-2: DOUBLE (Groundball, 3L, EV 105.6 MPH)
Batting: RHB Bobby Villalobos 0-0: Called Strike
0-1: Fly out, F3 (Popup, 3L, EV 64.4 MPH)
Top of the 7th over - 0 runs, 1 hit, 0 errors, 1 left on base; Portland 0 - New Hampshire 8
BOTTOM OF THE 7TH
New Hampshire Fisher Cats batting - Pitching for Portland Sea Dogs : LHP Joe Redman
Batting: RHB Walt Baranyi 0-0: Called Strike
0-1: Swinging Strike
0-2: Strikes out looking
Pinch Hitting: SHB Jasper Raucci 0-0: Ball
1-0: Fly out, F8 (Line Drive, 8LD, EV 99.4 MPH)
Batting: LHB Kevin Winter 0-0: Called Strike
0-1: Ground out 4-3 (Groundball, 4M, EV 100.0 MPH)
Bottom of the 7th over - 0 runs, 0 hits, 0 errors, 0 left on base; Portland 0 - New Hampshire 8
TOP OF THE 8TH
Portland Sea Dogs batting - Pitching for New Hampshire Fisher Cats : RHP Josue Toala
Now in RF: Jasper Raucci
Batting: LHB Jason McIntosh 0-0: Called Strike
0-1: Ball
1-1: Swinging Strike
1-2: Ball
2-2: Strikes out swinging
Batting: RHB Matt Frank 0-0: Ball
1-0: Ball
2-0: Ground out 5-3 (Groundball, 5, EV 81.3 MPH)
Batting: SHB Andy Herman 0-0: Ball
1-0: Called Strike
1-1: Swinging Strike
1-2: Ball
2-2: Strikes out swinging
Top of the 8th over - 0 runs, 0 hits, 0 errors, 0 left on base; Portland 0 - New Hampshire 8
BOTTOM OF THE 8TH
New Hampshire Fisher Cats batting - Pitching for Portland Sea Dogs : LHP Joe Redman
Batting: RHB Josh Sherman 0-0: Called Strike
0-1: Ball
1-1: Swinging Strike
1-2: Ball
2-2: Ball
3-2: Ground out 4-3 (Groundball, 4, EV 86.3 MPH)
Batting: RHB Julio Correa 0-0: Ground out 6-3 (Groundball, 6, EV 79.4 MPH)
Batting: LHB Dan Richins 0-0: Called Strike
0-1: Ball
1-1: Ball
2-1: Ball
3-1: SINGLE (Groundball, 6MD, EV 105.0 MPH)
Batting: LHB Josh Rose 0-0: Swinging Strike
0-1: Ball
1-1: Ball
2-1: Foul Ball, location: 2F
2-2: Foul Ball, location: 5FF
2-2: Ball
3-2: Base on Balls
Dan Richins to second
Batting: LHB Bill Goss 0-0: Ball
1-0: Called Strike
1-1: Foul Ball, location: 2F
1-2: SINGLE (Groundball, 56D, EV 99.4 MPH)
Dan Richins to third
Josh Rose to second
Runner from 3rd tries for Home, SAFE, throw by LF to home
Batting: RHB Jose Grijalva 0-0: Ball
1-0: Ball
2-0: Called Strike
2-1: SINGLE (Line Drive, 5L, EV 109.4 MPH)
Josh Rose to third
Bill Goss to second
Runner from 3rd tries for Home, SAFE, throw by LF to home
Batting: RHB Walt Baranyi 0-0: Called Strike
0-1: Ball
1-1: Ball
2-1: Ball
3-1: Base on Balls
Bill Goss to third
Jose Grijalva to second
Batting: SHB Jasper Raucci 0-0: Foul Ball, location: 2F
0-1: Ball
1-1: Ball
2-1: Swinging Strike
2-2: SINGLE (Groundball, 4MD, EV 95.0 MPH)
Bill Goss scores
Jose Grijalva to third
Walt Baranyi to second
Runner from 3rd tries for Home, SAFE, throw by CF to home
Batting: LHB Kevin Winter 0-0: Foul Ball, location: 2F
0-1: Ball
1-1: Ground out U3 (Groundball, 34, EV 75.6 MPH)
Bottom of the 8th over - 4 runs, 4 hits, 0 errors, 2 left on base; Portland 0 - New Hampshire 12
TOP OF THE 9TH
Portland Sea Dogs batting - Pitching for New Hampshire Fisher Cats : RHP Josue Toala
Pinch Hitting: LHB Ramiro Argueta 0-0: Ball
1-0: Ground out 6-3 (Groundball, 6M, EV 83.8 MPH)
Batting: RHB Steve Abrahamson 0-0: Foul Ball, location: 5FF
0-1: Swinging Strike
0-2: Fly out, F9 (Flyball, 9, EV 93.8 MPH)
Batting: RHB Josh Storlie 0-0: Called Strike
0-1: Swinging Strike
0-2: Ball
1-2: Fly out, F8 (Flyball, 8LM, EV 72.5 MPH)
Top of the 9th over - 0 runs, 0 hits, 0 errors, 0 left on base; Portland 0 - New Hampshire 12
Friday, April 12th , 2024 - OOTP Baseball 24.11 Build 85